AoeStats
← Martdri

Arabia

508107885Analyzed
1v1 RM · 13d ago on Sep 20, 2026· 33m 20s· 2 players
Game mode
Random Map
Map size
Tiny (2 player)
Population
200
Speed
Normal
Resources
Standard
Victory
Conquest
Starting age
Dark Age
Ending age
Imperial Age
RankedLock teamsTeams togetherTeam positionsShared explorationLock speedFull tech treeHidden civsTurbo modeCheats
Victory
Defeat
🇦🇷 Franks · Argentina
1065
+14
🇺🇸 Magyars · United States
1027
-14
J Cream
9:40 Loom
11:26 Feudal Age
9:44 Loom
12:08 Horse Collar
12:54 Double-Bit Axe
14:29 Wheelbarrow
23:02 Castle Age
21:56 Bloodlines
24:04 Pikeman
Martdri
3:34 Loom
10:17 Feudal Age
10:45 Double-Bit Axe
17:09 Wheelbarrow
21:34 Castle Age
20:16 Scale Barding Armor
20:29 Forging
20:59 Gold Mining
24:01 Gold Shaft Mining
24:33 Husbandry
28:14 Chain Barding Armor
31:53 Iron Casting
Connection lost

Rejoining the realm…

Still unreachable

The connection could not be restored.

Session expired

The server has moved on; the page needs a fresh start.